 Dungeon Crawl Stone Soup version 0.31-a0-504-gdd47146 (webtiles) character file.

Game seed: 1199531901554877781

2716164 kickassninja the Wrestler (level 27, 257/257 HPs)
             Began as a Troll Fighter on Aug 7, 2023.
             Was the Champion of Wu Jian.
             Escaped with the Orb
             ... and 4 runes on Aug 8, 2023!
             The game lasted 02:37:19 (56320 turns).

kickassninja the Wrestler (Troll Fighter)          Turns: 56320, Time: 02:37:19

Health: 257/257    AC: 16    Str: 34    XL:     27
Magic:  34/34      EV: 43    Int:  4    God:    Wu Jian [******]
Gold:   5449       SH:  5    Dex: 25    Spells: 21/30 levels left

rFire   + +          +
                       - Unarmed
rCold   + + +        g - melded +7 tower shield {rF+}
rNeg    . . .        N - melded +3 steam dragon scales
rPois   ∞            (helmet currently unavailable)
rElec   +            t - melded scarf {rC+ rF+}
rCorr   .            (gloves unavailable)
SInv    .            (boots unavailable)
Will    ++++.        A - amulet of Ykkacsur {Reflect Drain +Blink rElec rC+++ SH+5}
Stlth   +            V - ring of Fedhas's Indignation {Will+ Dex+6}
HPRegen 1.42/turn    F - ring "Xob Yplu" {Drain rF+++ MP+9 Dex+4}
MPRegen 0.24/turn

%: reflection
@: storm-form, flying, studying 2 skills
A: cleaving, insubstantial, flying, large, unfitting armour, (claws 3),
regeneration 1, (shaggy fur 1), (tough skin 1), deterioration 1, dopey 1, frail
1, strong-willed 1
0: Orb of Zot
}: 4/15 runes: barnacled, silver, abyssal, gossamer
a: Blinkbolt, Begin Untransformation, Renounce Religion, Evoke Blink, Wall Jump,
Serpent's Lash, Heavenly Storm


You escaped.
You worshipped Wu Jian.
Wu Jian was exalted by your worship.
You were a lightning-filled tempest!
You visited 12 branches of the dungeon, and saw 51 of its levels.
You visited the Abyss 1 time.
You also visited: Gauntlet, Ice Cave and Volcano.

You collected 7746 gold pieces.
You spent 2297 gold pieces at shops.


Innate Abilities, Weirdness & Mutations

You are a lightning-filled tempest!
Your electrical attacks strike out in all directions at once.
You are incredibly evasive.
Your insubstantial body is immune to petrification, constriction, and being set on fire You are flying.
Your armour is entirely melded.
You are incapable of wielding weapons or throwing items.
You are too large for most types of armour.
You are immune to poison.
((You have claws for hands.))
Your natural rate of healing is unusually fast.
((You are covered in fur. (AC +1)))
((You have tough skin. (AC +1)))
Your body sometimes deteriorates upon taking damage.
You are dopey. (Int -2)
You are frail. (-10% HP)
You are strong-willed. (Will+)


   Skills:
 + Level 18.8 Fighting
 - Level 3.2 Throwing
 - Level 0.2 Armour
 - Level 13.0 Dodging
 - Level 17.0 Shields
 + Level 24.7 Unarmed Combat
 - Level 2.0 Spellcasting
 + Level 11.7 Translocations
 - Level 4.0 Air Magic
 - Level 2.1 Evocations
 + Level 23.5 Shapeshifting


You had 21 spell levels left.
You knew the following spells:

 Your Spells              Type           Power      Damage    Failure   Level
m - Manifold Assault      Tloc           9%         N/A       3%          4
B - Blink                 Tloc           18%        N/A       1%          2
X - Vhi's Electric Charg  Tloc/Air       12%        N/A       5%          3

Your spell library contained the following spells:

 Spells                   Type           Power      Damage    Failure   Level
 Lesser Beckoning         Tloc           18%        N/A       1%          2
 Gell's Gravitas          Tloc           9%         N/A       1%          3
 Teleport Other           Tloc           9%         N/A       1%          3
 Passage of Golubria      Tloc           9%         N/A       3%          4
 Portal Projectile        Hex/Tloc       10%        N/A       13%         3
 Volatile Blastmotes      Fire/Tloc      10%        2d10      13%         3
 Swiftness                Air            3%         N/A       26%         3
 Poisonous Vapours        Pois/Air       4%         N/A       30%         2
 Cigotuvi's Dreadful Rot  Necr/Pois/Air  2%         N/A       38%         2
 Iskenderun's Mystic Bla  Conj/Tloc      5%         2d3       38%         4
 Freeze                   Ice            0%         1d3       43%         1
 Kiss of Death            Conj/Necr      0%         2d5       43%         1
 Magic Dart               Conj           0%         1d3       43%         1
 Sting                    Tmut/Pois      0%         1d3       43%         1
 Dispersal                Tloc           4%         N/A       52%         6
 Ensorcelled Hibernation  Hex/Ice        0%         N/A       56%         2
 Passwall                 Tmut/Erth      0%         N/A       56%         2
 Searing Ray              Conj           0%         2d4       56%         2
 Wereblood                Tmut           0%         N/A       56%         2
 Confusing Touch          Hex            0%         N/A       80%         3
 Frozen Ramparts          Ice            0%         1d1       80%         3
 Hailstorm                Conj/Ice       0%         3d3       80%         3
 Ignite Poison            Fire/Tmut/Pois 0%         N/A       80%         3
 Ozocubu's Armour         Ice            0%         N/A       80%         3
 Stone Arrow              Conj/Erth      0%         3d7       80%         3
 Tukima's Dance           Hex            0%         N/A       80%         3
 Anguish                  Hex/Necr       0%         N/A       99%         4
 Animate Armour           Summ/Erth      0%         N/A       99%         4
 Animate Dead             Necr           0%         N/A       99%         4
 Cause Fear               Hex            0%         N/A       99%         4
 Dispel Undead            Necr           0%         3d6       99%         4
 Flame Wave               Conj/Fire      0%         2d4       99%         4
 Fulminant Prism          Conj/Hex       0%         3d5       99%         4
 Leda's Liquefaction      Hex/Erth       0%         N/A       99%         4
 Olgreb's Toxic Radiance  Pois           0%         N/A       99%         4
 Petrify                  Tmut/Erth      0%         N/A       99%         4
 Sticky Flame             Conj/Fire      0%         2d3       99%         4
 Summon Ice Beast         Ice/Summ       0%         N/A       99%         4
 Arcjolt                  Conj/Air       1%         1d11      99%         5
 Silence                  Hex/Air        1%         N/A       99%         5
 Fireball                 Conj/Fire      0%         3d3       100%        5
 Freezing Cloud           Conj/Ice/Air   0%         6-21      100%        5
 Irradiate                Conj/Tmut      0%         3d11      100%        5
 Lee's Rapid Deconstruct  Erth           0%         3d4*      100%        5
 Metabolic Englaciation   Hex/Ice        0%         N/A       100%        5
 Summon Mana Viper        Hex/Summ       0%         N/A       100%        5
 Yara's Violent Unravell  Hex/Tmut       0%         3d3       100%        5
 Conjure Ball Lightning   Conj/Air       1%         3x3d6     100%        6
 Leda's Unmaking          Conj/Erth      0%         9d1       100%        6
 Plasma Beam              Fire/Air       1%         2x1d11    100%        6
 Simulacrum               Ice/Necr       0%         N/A       100%        6
 Enfeeble                 Hex            0%         N/A       100%        7
 Haunt                    Necr/Summ      0%         N/A       100%        7
 Malign Gateway           Summ/Tloc      2%         N/A       100%        7
 Monstrous Menagerie      Summ           0%         N/A       100%        7
 Ozocubu's Refrigeration  Ice            0%         4d7       100%        7
 Borgnjor's Revivificati  Necr           0%         N/A       100%        8
 Discord                  Hex            0%         N/A       100%        8
 Disjunction              Tloc           4%         N/A       100%        8
 Ignition                 Fire           0%         3d3       100%        8
 Infestation              Necr           0%         N/A       100%        8
 Lehudib's Crystal Spear  Conj/Erth      0%         10d2      100%        8
 Maxwell's Capacitive Co  Air            1%         ∞         100%        8
 Summon Horrible Things   Summ           0%         N/A       100%        8
 Death's Door             Necr           0%         N/A       100%        9
 Dragon's Call            Summ           0%         N/A       100%        9
 Fire Storm               Conj/Fire      0%         5d1       100%        9
 Shatter                  Erth           0%         3d5*      100%        9

Inventory:

Hand Weapons
 a - the +4 consecrated labrys {holy, Valiant Fragile Fly SInv}
   (You took it off a deep elf annihilator on level 3 of the Elven Halls)

   Valiant:   It becomes more powerful as more dangerous foes come into view.
   SInv:      It lets you see invisible.
   Fly:       It grants you flight.
   Fragile:   It will be destroyed if unequipped.
Missiles
 f - 47 boomerangs
 P - 29 javelins (quivered)
Armour
 g - a +7 tower shield of fire resistance (melded)
 t - a scarf of resistance (melded)
 N - +3 steam dragon scales (melded)
 S - +3 gold dragon scales
 X - the +4 dragonskin cloak
   (You took it off Tiamat on level 1 of the Realm of Zot)

   Avatar's Aegis: It grants the wearer a chance to resist fire, cold, poison,
   electricity, acid, and negative energy.
Jewellery
 s - the ring of Incredulity {Wiz rPois rCorr Dex-5}
   (You found it in a Gauntlet)

   [ring of wizardry]

   Wiz:       It improves your spell success rate.
   Dex-5:     It affects your dexterity (-5).
   rPois:     It protects you from poison rCorr: It protects you from acid and
   corrosion.
 v - a ring of see invisible
 A - the amulet of Ykkacsur (around neck) {Reflect Drain +Blink rElec rC+++ SH+5}
   (You found it in an ice cave)

   [amulet of reflection]

   Reflect:   It reflects blocked missile attacks.
   rC+++:     It renders you almost immune to cold.
   rElec:     It insulates you from electricity.
   +Blink:    It lets you blink.
   Drain:     It drains your maximum health when unequipped.
   SH+5:      It affects your SH (+5).
 C - a ring of protection from cold
 D - the amulet of Esumy {Acrobat rPois Will+++ Dex-5 Slay+5}
   (You found it in an ice cave)

   [amulet of the acrobat]

   Acrobat:   It increases your evasion while moving and waiting.
   Dex-5:     It affects your dexterity (-5).
   Slay+5:    It affects your accuracy & damage with ranged weapons and melee
   (+5).
   rPois:     It protects you from poison Will+++: It greatly increases your
   willpower.
 F - the ring "Xob Yplu" (right fist) {Drain rF+++ MP+9 Dex+4}
   (You took it off an orc on level 5 of the Vaults)

   [ring of magical power]

   Dex+4:     It affects your dexterity (+4).
   rF+++:     It renders you almost immune to fire.
   MP+9:      It affects your magic capacity (+9).
   Drain:     It drains your maximum health when unequipped.
 I - a +6 ring of intelligence
 O - a ring of protection from fire
 Q - the ring of Mel Puse {Will+ Dex+6}
   (You took it off a merfolk javelineer on level 3 of the Shoals)

   [ring of dexterity]

   Dex+6:     It affects your dexterity (+6).
   Will+:     It increases your willpower.
 R - a ring of resist corrosion
 V - the ring of Fedhas's Indignation (left fist) {Will+ Dex+6}
   (You bought it in a shop on level 10 of the Dungeon)

   [ring of dexterity]

   Dex+6:     It affects your dexterity (+6).
   Will+:     It increases your willpower.
Talismans
 H - a dragon-blood talisman
 K - a granite talisman
 Z - a storm talisman (active)
Wands
 m - a wand of flame (125)
 n - a wand of light (26)
 x - a wand of mindburst (32)
 z - a wand of digging (24)
 B - a wand of iceblast (52)
 J - a wand of paralysis (56)
 U - a wand of polymorph (21)
Scrolls
 c - a scroll of summoning
 i - 20 scrolls of teleportation {@r2}
 k - 8 scrolls of fog
 q - 3 scrolls of revelation
 y - 6 scrolls of vulnerability
 L - 7 scrolls of fear
 M - 5 scrolls of poison
 T - 5 scrolls of blinking
Potions
 b - 5 potions of attraction
 d - 6 potions of ambrosia
 e - 19 potions of curing {@q1}
 h - 7 potions of lignification
 j - 7 potions of cancellation
 l - a potion of invisibility
 o - 3 potions of mutation
 p - 9 potions of haste {@q3}
 u - 20 potions of heal wounds {@q2}
 w - 6 potions of enlightenment
 E - 13 potions of might
 W - 2 potions of resistance
Miscellaneous
 r - a condenser vane
 G - a phial of floods
 Y - a phantom mirror

Dungeon Overview and Level Annotations

Branches:
Dungeon (15/15)            Temple (1/1) D:7            Lair (5/5) D:8
 Shoals (4/4) Lair:3       Spider (4/4) Lair:3        Slime (1/5) Lair:4
    Orc (2/2) D:12            Elf (3/3) Orc:2        Vaults (5/5) D:13
  Crypt (2/3) Vaults:2     Depths (4/4) D:15            Zot (5/5) Depths:4
  IceCv (visited)         Volcano (visited)         Gauntlet (visited)

Altars:
Ashenzari
Cheibriados
Dithmenos
Elyvilon
Fedhas
Gozag
Hepliaklqana
Kikubaaqudgha
Makhleb
Nemelex Xobeh
Okawaru
Qazlal
Ru
Sif Muna
Trog
Uskayaw
Vehumet
Wu Jian
Xom
Yredelemnul
Zin
The Shining One
Jiyva

Shops:
D:10 =   Orc:1 (*:*!   Orc:2 *:*!   Elf:3 [   Vaults:3 *   Zot:4 *   Depths:1 *
Depths:4 (

Portals:
Hell: Depths:1 Depths:2 Depths:3 Depths:4
Abyss: Depths:2 Depths:3
Pandemonium: Depths:1 Depths:2 Depths:3 Depths:4
Ziggurat: Depths:2

Annotations:
Elf:1 2 transporters, exclusion: orange crystal statue
Elf:2 3 runed translucent doors
Depths:4 3 runed translucent doors, Evoskatz's ghost, veteran HOFi

##.##########.# ##...##
#####.########
###########.#.#.####............#
.#.................#.###.######.#
.#.########.#.#.##...# #....# #.#
.#.#### ##...###.#.###.##.# #.#
......# ##.###..#.....##.# #.#
.#.##############'#########.###.#
...###~≈≈≈≈~~≈~.v..♣♣♣♣ #...##...
)#...'..~≈≈~PP~~.....P♣♣#####.#.#
.#####....~~PPP~~~.<...♣####.##.#
.# ###♣....~~~PPP~≈.....#........
## #.#♣♣.....~~~~~~~....'.##.##.#
####.# ♣♣♣.....P..~~≈~≈≈#.......#
.....# ########'##############...
.....###........###....# ####
............####.#.###.# #


There were no monsters in sight!


Message History

You blast Fuhecw!!!!
Fuhecw is moderately wounded.
You blast something!!!!
The Council accepts your kill.
Reactivating autopickup.
You feel a bit more experienced.
You blast Fuhecw!!!!!
You kill Fuhecw!
The Council accepts your kill.
Your supernatural speed expires.
There is a stone staircase leading up here.
You fly upwards.
There is a stone staircase leading down here.
Unknown command.
There is a stone staircase leading up here.
You fly upwards.
There is a stone staircase leading down here.
You feel less exhausted.
There is a stone staircase leading up here.
You fly upwards.
There is a stone staircase leading down here.
You see here a +0 dagger.
A sun demon comes into view.
The sun demon shouts!
You blast the sun demon!!!
You kill the sun demon!
The Council accepts your kill.
You see here a +0 spear.
There is an open door here.
There is a staircase leading out of the dungeon here.
You have escaped!

Skill      XL: |  1  2  3  4  5  6  7  8  9 10 11 12 13 14 15 16 17 18 19 20 21 22 23 24 25 26 27 |
---------------+----------------------------------------------------------------------------------+-----
Shields        | 3 4 5 6 7 9 10 11 12 14 15 17 | 17.0
Unarmed Combat | 3 4 5 7 8 10 11 13 14 16 17 18 19 20 21 22 23 24 | 24.7
Fighting       | 3 4 5 6 7 8 9 10 11 12 13 14 15 16 17 18 | 18.8
Dodging        | 3 4 6 7 8 9 10 11 13 | 13.0
Evocations     | 2 |  2.1
Shapeshifting  | 3 5 7 8 9 13 15 18 20 21 22 23 | 23.5
Throwing       | 1 3 |  3.2
Translocations | 6 8 10 11 | 11.7
Spellcasting   | 2 |  2.0
Air Magic      | 2 4 |  4.0
Armour         | |  0.2

Action                     |  1- 3 |  4- 6 |  7- 9 | 10-12 | 13-15 | 16-18 | 19-21 | 22-24 | 25-27 || total
---------------------------+-------+-------+-------+-------+-------+-------+-------+-------+-------++-------
  Melee: Unarmed           |    92 |   101 |   242 |   673 |  1369 |  1384 |  1550 |   879 |   892 ||  7182
         Maw               |       |       |       |       |       |    12 |       |       |       ||    12
         Punch             |       |       |       |       |       |       |       |    71 |   160 ||   231
  Throw: Javelin           |       |       |       |       |       |     3 |       |       |       ||     3
   Cast: Manifold Assault  |       |       |       |       |       |       |       |       |   122 ||   122
         Vhi's Electric Ch |       |       |       |       |       |       |       |       |     1 ||     1
         Blink             |       |       |       |       |       |       |       |       |     1 ||     1
 Invoke: Serpent's Lash    |       |       |       |       |     7 |     1 |     3 |     1 |     4 ||    16
         Heavenly Storm    |       |       |       |       |       |     1 |     1 |     4 |     4 ||    10
Ability: Lunge             |       |       |       |    42 |    82 |    69 |   131 |    80 |   100 ||   504
         Whirlwind         |       |       |       |     8 |   112 |   156 |   170 |   146 |   111 ||   703
         Wall Jump         |       |       |       |       |     3 |     2 |     2 |     3 |     1 ||    11
         Blinkbolt         |       |       |       |       |       |       |       |     9 |     7 ||    16
  Evoke: Wand              |       |       |       |    10 |     6 |     6 |     8 |       |       ||    30
         Phantom mirror    |       |       |       |       |     1 |     1 |     3 |     1 |     1 ||     7
         Condenser vane    |       |       |       |       |       |       |     1 |       |     1 ||     2
         Phial of floods   |       |       |       |       |       |       |     1 |       |       ||     1
    Use: Potion            |       |       |     5 |       |     2 |     7 |     1 |     5 |     1 ||    21
         Scroll            |       |       |     4 |     9 |    18 |     6 |     8 |     1 |     7 ||    53
   Stab: Sleeping          |     1 |     4 |     1 |       |     1 |     3 |     2 |     3 |     1 ||    16
         Paralysed         |       |       |       |       |     3 |       |       |       |       ||     3
         Invisible         |       |       |       |       |     2 |       |       |       |       ||     2
         Distracted        |       |       |       |       |     2 |       |     1 |     1 |     2 ||     6
 Armour: Robe              |    37 |    12 |    27 |     6 |       |       |       |       |       ||    82
         Steam dragon scal |       |       |       |    66 |   230 |   241 |    64 |       |       ||   601
         Skin              |       |       |       |       |       |     2 |   188 |   164 |    47 ||   401
  Dodge: Dodged            |    29 |    29 |   112 |   248 |   367 |   406 |   379 |   401 |   596 ||  2567
  Block: Kite shield       |    38 |    43 |   131 |   339 |    97 |       |       |       |       ||   648
         Tower shield      |       |       |       |       |   988 |  1419 |  1697 |   527 |       ||  4631
         Reflection        |       |       |       |       |       |       |   120 |    14 |     3 ||   137
         Other             |       |       |       |       |       |       |       |    46 |    75 ||   121
         Form:             |       |       |       |       |       |     1 |       |       |       ||     1
         Maw               |       |       |       |       |       |     1 |       |       |       ||     1
         Statue            |       |       |       |       |       |       |     1 |       |       ||     1
         Storm             |       |       |       |       |       |       |       |     1 |       ||     1

Levels and vault maps discovered:
D:1:      tarquinn_simple_flora_water_c, layout_loops_ring
D:2:      wad_woods_stonehenge, layout_basic, item_on_display_a
D:3:      layout_loops_ring, eat_drink_and_be_merry_uskayaw, xom_redecorated,
          serial_forest, infiniplex_forest_straight_4,
          infiniplex_forest_lined_3, infiniplex_forest_lined_2,
          infiniplex_forest_straight_2
D:4:      layout_gridville, lemuel_round_altar, nicolae_hexahallways,
          dk_vineyard_3
D:5:      layout_basic, general_overflow_altar, uniq_prince_ribbit1
D:6:      layout_basic, uniq_duvessa, uniq_grinder, uniq_crazy_yiuf_cottage
D:7:      layout_basic, cheibrodos_ashenzari_chains,
          mainiacjoe_overflow_alcove_4, minmay_temple_entry_statues_fountains,
          hangedman_abyss_or_decor_lesser_grid, uniq_pikel
D:8:      layout_rooms, kennysheep_mini, mainiacjoe_overflow_divided_tiny,
          david_lair_generic, uniq_maurice
D:9:      layout_roguey, uniq_maggie, uniq_psyche, uniq_joseph
D:10:     layout_roguey, amcnicky_altar_gilded, serial_shops, shop
D:11:     layout_loops_corners, tgw_sif
D:12:     lemuel_vampire_tower, layout_gridville,
          kennysheep_orc_monster_closet_entryway,
          nicolae_transporter_intersection
D:13:     layout_basic, grunt_vaults_entry_tiered
D:14:     minmay_expanding_circles, layout_long_grid, kennysheep_minor_cross,
          lemuel_zombie_altar_yredelemnul, uniq_kirke, uniq_rupert
D:15:     hangedman_depths_entry_try_elsewhere_first, layout_basic,
          hangedman_abyss_or_decor_stabs
Temple:   nicolae_temple_hex_pool
Lair:1:   lemuel_reptile_caves, layout_regular_city,
          hangedman_lair_unloving_vines
Lair:2:   hellmonk_destroyed_diamonds, layout_cave_pods, enter_volcano_4,
          grunt_megastairs_5
Lair:3:   layout_loops_ring, elwin_shoals_entry_rocks,
          nicolae_spider_entry_orb_guardian, special_room
          [special_room_mythical_zoo], minmay_hedge_maze,
          chequers_serial_rivers_small_3, chequers_serial_rivers_large_a,
          serial_bayou_shore_b, infiniplex_staircase_pool, uniq_snorg
Lair:4:   layout_cave_pods, minmay_slime_entry_pillars, gauntlet_entry_generic,
          chequers_serial_rivers_micro_b
Lair:5:   minmay_lair_end_frog_pond, layout_hall_layers
Shoals:1: layout_shoals, nicolae_shoals_beach_house_on_fowls_legs, uniq_nikola,
          uniq_donald, uniq_aizul
Shoals:2: dreamdust_from_the_deep, layout_shoals, portal_ice_cave_entry_dragon,
          nicolae_shoals_dead_sea_scrolls
Shoals:3: layout_shoals, serial_shops, nicolae_shop_peninsula
Shoals:4: shoals_end_grunt_garden, layout_shoals, shoals_ilsuiw_ice,
          nicolae_shoals_lost_giant_pillars, uniq_roxanne, uniq_bai_suzhen
Spider:1: layout_spider_delve
Spider:2: layout_spider_delve, nicolae_spider_swamp_cousins
Spider:3: layout_spider_delve, nicolae_crawler_farm
Spider:4: floodkiller_spider_rune_tomb, uniq_mlioglotl
Slime:1:  layout_caves
Orc:1:    layout_caves, serial_shops, shop, nicolae_shop_stone,
          nicolae_shop_rolling_square, nicolae_shop_rolling_square, shop
Orc:2:    st_orc_pillars, layout_caves, basic_altar
Elf:1:    gammafunk_sealed_arena, layout_loops_ring,
          kennysheep_underground_church
Elf:2:    elven_hall_of_blades_hangedman_original
          [nicolae_blade_entry_hurt_lockers], layout_onion_city, uniq_saint_roka
Elf:3:    grunt_elf_hall_spiral, layout_geoelf_octagon, serial_glass,
          glass_columns_b, glass_columns_c, glass_columns_a, glass_columns_a,
          serial_shops, shop
Vaults:1: nicolae_vaults_theta, hangedman_vaults_snaps,
          nicolae_vaults_whirlpool_walls, vaults_room_hallway, v_misc_19,
          nicolae_vaults_circle_grid_a, nicolae_vaults_variable_pillar_hall,
          vaults_mumra_minichess_inversion, vaults_room_corners,
          hangedman_vaults_slither, grunt_vaults_funnel,
          nicolae_vaults_trapezoid_lopsided_1, layout_vaults_omnibox
Vaults:2: hangedman_vaults_unwind, nicolae_vaults_tetromino_Z_1,
          nicolae_vaults_little_squares_6, nicolae_vaults_double_plus_1,
          vaults_room_fours, serial_ice_h, hangedman_vaults_stagger,
          nicolae_vaults_storage_room_statues, blue_anna_dwarven_crypt,
          nicolae_vaults_tetromino_L_1, vaults_mumra_hexcomb,
          nicolae_vaults_three_branches, layout_vaults_omnicross, uniq_asterion,
          uniq_mennas, uniq_xtahua, uniq_margery
Vaults:3: nicolae_vaults_diagonal_hallway_9, v_rooms_4,
          nicolae_vaults_inception_corners, v_misc_32,
          nicolae_vaults_security_offices_3, ontoclasm_vaults_bender,
          ontoclasm_vaults_loading_screen, v_rooms_5,
          hangedman_vaults_restitches, ontoclasm_vaults_gateway, v_misc_2,
          layout_vaults_maze, serial_shops, shop
Vaults:4: nicolae_vaults_closet_pinwheel_5, nicolae_vaults_trapezoid_lopsided_4,
          v_misc_3, nicolae_vaults_trapezoid_lopsided_3,
          nicolae_vaults_oval_intersection, dpeg_vaults_monster_box,
          vaults_room_door_hall, nicolae_vaults_border_crossing,
          layout_vaults_chaotic_city
Vaults:5
Crypt:1:  layout_basic, serial_sigils_hangedman_carve, minicrypt_bobbens,
          grunt_crypt_arrival_split, uniq_sojobo
Crypt:2:  layout_gridlike, gammafunk_ghost_split, grunt_megastairs_1
Depths:1: layout_gridville, rand_demon_pan_entry_3, chequers_jeans,
          grunt_hell_entry_dis_old, nicolae_transmutations_shop, fountainhead,
          glass_columns_c, minmay_stone_trees_large, fedhas_altar_4
Depths:2: abrahamwl_protected_by_tso_2, layout_gridlike, enter_ziggurat_e,
          grunt_pan_entry_zigzag, good_gods_mini_temple, serial_sigils,
          serial_sigils_hangedman_clutch, serial_sigils_hangedman_leer,
          serial_sigils_hangedman_shear, serial_sigils_hangedman_scar,
          hell_entry, abyss_entry
Depths:3: minmay_central_circle, layout_cave_pools, kennysheep_nondescript,
          grunt_pan_entry_sceptre, hell_entry, abyss_entry_small_statue_room,
          lemuel_flame_loot_1, infiniplex_staircase_zigzag_5
Depths:4: grunt_zot_entry_bicorn, layout_cave_pools, serial_shops,
          nicolae_shop_dealshenge, rand_demon_pan_entry_9,
          gammafunk_ghost_tricky_traps, hell_entry, kennysheep_doodads
Zot:1:    layout_cellular_growth, uniq_tiamat
Zot:2:    layout_misc_corridors, st_stairs_1, grunt_megastairs_4
Zot:3:    layout_gridville, hangedman_snake_sidewinding
Zot:4:    minmay_elemental_castle, layout_onion_interference,
          nicolae_shop_clearance, uniq_vv, uniq_josephina
Zot:5:    layout_basic

Notes
Turn   | Place    | Note
-------+----------+-------------------------------------------
     0 | D:1      | kickassninja the Troll Fighter began the quest for the Orb.
     0 | D:1      | Reached XP level 1. HP: 22/22 MP: 0/0
   206 | D:1      | You fall into a shaft and drop 1 floor!
   297 | D:2      | Reached XP level 2. HP: 29/29 MP: 1/1
   338 | D:2      | Found a bloodstained altar of Trog.
   923 | D:2      | Reached skill level 3 in Shields
   960 | D:2      | Reached skill level 3 in Unarmed Combat
   960 | D:2      | Reached XP level 3. HP: 36/36 MP: 2/2
  1386 | D:3      | Reached XP level 4. HP: 29/44 MP: 3/3
  1405 | D:3      | Reached skill level 3 in Fighting
  1515 | D:3      | Found a shimmering altar of Xom.
  1516 | D:3      | Found a shimmering altar of Xom.
  1626 | D:3      | Found a hide-covered altar of Uskayaw.
  1652 | D:3      | Noticed a phantom
  1662 | D:3      | Killed a phantom
  1663 | D:3      | Reached skill level 4 in Unarmed Combat
  1663 | D:3      | Reached XP level 5. HP: 53/53 MP: 4/4
  2128 | D:4      | Reached XP level 6. HP: 56/61 MP: 5/5
  2268 | D:4      | Reached skill level 4 in Shields
  2388 | D:4      | Reached skill level 5 in Unarmed Combat
  2782 | D:4      | Found a snail-covered altar of Cheibriados.
  2864 | D:5      | Entered Level 5 of the Dungeon
  2865 | D:5      | Noticed Prince Ribbit
  2885 | D:5      | Killed Prince Ribbit
  2886 | D:5      | Reached skill level 4 in Fighting
  2886 | D:5      | Reached XP level 7. HP: 64/70 MP: 6/6
  3024 | D:5      | Reached skill level 6 in Unarmed Combat
  3110 | D:5      | Found a stormy altar of Qazlal.
  3791 | D:6      | Noticed Grinder
  3818 | D:6      | Killed Grinder
  3819 | D:6      | Reached skill level 5 in Shields
  3819 | D:6      | Reached skill level 7 in Unarmed Combat
  3819 | D:6      | Reached XP level 8. HP: 77/79 MP: 7/7
  3933 | D:6      | Found a runed translucent door.
  3934 | D:6      | Noticed Crazy Yiuf
  4359 | D:6      | Upgraded the game from 0.31-a0-490-gf00e8c0 to
                  | 0.31-a0-493-g2108c08
  4453 | D:6      | Reached skill level 5 in Fighting
  4495 | D:6      | Reached skill level 8 in Unarmed Combat
  4607 | D:6      | Noticed Dowan
  4732 | D:7      | Reached skill level 6 in Shields
  4732 | D:7      | Reached XP level 9. HP: 53/86 MP: 8/8
  4835 | D:7      | Found a radiant altar of Vehumet.
  4848 | D:7      | Found a staircase to the Ecumenical Temple.
  4857 | Temple   | Entered the Ecumenical Temple
  4875 | D:7      | Noticed Pikel
  4897 | D:7      | Killed Pikel
  4898 | D:7      | Reached skill level 9 in Unarmed Combat
  4921 | D:7      | Found a broken altar of Ashenzari.
  5595 | D:8      | Reached skill level 6 in Fighting
  5807 | D:6      | Noticed Duvessa
  5822 | D:6      | Killed Duvessa
  5827 | D:6      | Killed Dowan
  5828 | D:6      | Reached skill level 3 in Dodging
  6208 | D:8      | Found a staircase to the Lair.
  6230 | D:8      | Reached skill level 10 in Unarmed Combat
  6286 | D:8      | Noticed Maurice
  6314 | D:8      | Reached skill level 7 in Shields
  6314 | D:8      | Reached XP level 10. HP: 100/100 MP: 9/9
  6328 | D:8      | Paralysed by Maurice for 3 turns
  6353 | D:8      | Killed Maurice
  6526 | D:8      | Found a sacrificial altar of Ru.
  6529 | D:8      | Found a shadowy altar of Dithmenos.
  6715 | D:8      | Found an ornate altar of the Wu Jian Council.
  6784 | D:8      | Became a worshipper of the Wu Jian Council
  6912 | D:9      | Reached skill level 4 in Dodging
  6969 | D:9      | Noticed a two-headed ogre
  6979 | D:9      | Killed a two-headed ogre
  6980 | D:9      | Reached skill level 11 in Unarmed Combat
  6994 | D:9      | Noticed Joseph
  7019 | D:9      | Killed Joseph
  7020 | D:9      | Reached skill level 7 in Fighting
  7074 | D:9      | Noticed Maggie
  7085 | D:9      | Killed Maggie
  7149 | D:9      | Noticed Psyche
  7152 | D:9      | Killed Psyche
  7408 | D:9      | Reached * piety under Wu Jian
  7596 | D:9      | Reached XP level 11. HP: 105/109 MP: 10/10
  7672 | D:9      | Reached skill level 8 in Shields
  7902 | D:6      | Killed Crazy Yiuf
  7903 | D:6      | Reached skill level 5 in Dodging
  8013 | Lair:1   | Entered Level 1 of the Lair of Beasts
  8172 | D:10     | Entered Level 10 of the Dungeon
  8546 | D:10     | Reached skill level 12 in Unarmed Combat
  8576 | D:10     | Found Kydudemi's Jewellery Shoppe.
  8598 | D:10     | Bought a ring of see invisible for 180 gold pieces
  8746 | D:10     | Found a basalt altar of Yredelemnul.
  8901 | D:11     | Noticed a two-headed ogre
  8908 | D:11     | Noticed an ogre mage
  8913 | D:11     | Killed a two-headed ogre
  8951 | D:11     | Noticed a skeletal warrior
  8953 | D:11     | Noticed a skeletal warrior
  8967 | D:11     | Killed a skeletal warrior
  8973 | D:11     | Killed a skeletal warrior
  9022 | D:11     | Identified the +0 robe "Pidaenne" {Regen+}
  9022 | D:11     | Noticed a skeletal warrior
  9027 | D:11     | Noticed a skeletal warrior
  9032 | D:11     | Killed a skeletal warrior
  9036 | D:11     | Killed a skeletal warrior
  9036 | D:11     | Reached ** piety under Wu Jian
  9220 | D:11     | Reached skill level 8 in Fighting
  9268 | D:11     | Reached skill level 6 in Dodging
  9380 | D:11     | Paralysed by an ogre mage for 5 turns
  9392 | D:11     | Killed an ogre mage
  9393 | D:11     | Reached skill level 13 in Unarmed Combat
  9584 | D:11     | Found the +5 Force Lance {heavy, knockback}
  9602 | D:11     | Reached skill level 9 in Shields
  9656 | D:11     | Reached XP level 12. HP: 120/120 MP: 11/11
  9714 | D:11     | Found a shimmering blue altar of Sif Muna.
  9792 | D:11     | Noticed a boulder beetle
  9800 | D:11     | Killed a boulder beetle
 10376 | D:12     | Reached *** piety under Wu Jian
 10434 | D:12     | Found a staircase to the Orcish Mines.
 10452 | D:12     | Reached skill level 14 in Unarmed Combat
 10575 | D:12     | Reached skill level 7 in Dodging
 10642 | Orc:1    | Entered Level 1 of the Orcish Mines
 10642 | Orc:1    | Found Selocica's Book Shop.
 10860 | Orc:1    | Found Xanis's Assorted Antiques.
 10889 | Orc:1    | Bought a scroll of identify for 50 gold pieces
 10894 | Orc:1    | Found Qarrosedo's Weapon Emporium.
 10894 | Orc:1    | Noticed an orc warlord
 10900 | Orc:1    | Reached **** piety under Wu Jian
 10908 | Orc:1    | Reached skill level 9 in Fighting
 10918 | Orc:1    | Killed an orc warlord
 11048 | Orc:1    | Noticed an orc high priest
 11061 | Orc:1    | Killed an orc high priest
 11118 | Orc:1    | Found Ydoxeopne's General Store.
 11127 | Orc:1    | Bought a scroll of fear for 60 gold pieces
 11127 | Orc:1    | Bought a scroll of identify for 30 gold pieces
 11449 | D:10     | Bought the ring of Fedhas's Indignation {Will+ Dex+6} for
                  | 583 gold pieces
 11831 | Lair:1   | Reached skill level 10 in Shields
 11931 | Lair:1   | Reached XP level 13. HP: 131/131 MP: 12/12
 12514 | Lair:2   | Identified a scroll of acquirement
 12515 | Lair:2   | Acquired a manual of Shields
 12645 | Lair:2   | Found a dark tunnel.
 12695 | Volcano  | Entered a volcano
 12763 | Volcano  | Reached skill level 15 in Unarmed Combat
 12769 | Volcano  | Reached skill level 1 in Evocations
 12812 | Volcano  | Reached ***** piety under Wu Jian
 12852 | Volcano  | Found a radiant altar of Vehumet.
 13910 | Lair:3   | Noticed Snorg
 13927 | Lair:3   | Killed Snorg
 13928 | Lair:3   | Reached skill level 8 in Dodging
 13928 | Lair:3   | Reached skill level 2 in Evocations
 13985 | Lair:3   | Found a staircase to the Shoals.
 14448 | Lair:3   | Found a hole to the Spider Nest.
 14479 | Lair:3   | Reached skill level 11 in Shields
 14490 | Lair:2   | Upgraded the game from 0.31-a0-493-g2108c08 to
                  | 0.31-a0-495-g15b8036
 14686 | Lair:3   | Reached skill level 10 in Fighting
 14704 | Lair:3   | Reached skill level 16 in Unarmed Combat
 14917 | Lair:3   | Reached XP level 14. HP: 120/138 MP: 13/13
 15469 | Lair:4   | Found a gate leading to a gauntlet.
 15501 | Gauntlet | Entered a Gauntlet
 15501 | Gauntlet | Found a transporter.
 15501 | Gauntlet | Found a transporter.
 15541 | Gauntlet | Found a transporter.
 15550 | Gauntlet | Found a transporter.
 15550 | Gauntlet | Found a transporter.
 15555 | Gauntlet | Found a transporter.
 15555 | Gauntlet | Found a transporter.
 15564 | Gauntlet | Found a transporter.
 15572 | Gauntlet | Found a transporter.
 15666 | Gauntlet | Found a transporter.
 15676 | Gauntlet | Found a transporter.
 15691 | Gauntlet | Found a transporter.
 15783 | Gauntlet | Identified the ring of Incredulity {Wiz rPois rCorr Dex-5}
 15807 | Gauntlet | Identified the +5 rapier "Abekigg" {drain, rC+}
 15881 | Gauntlet | Identified the +7 halberd "Ziam" {flame, rF+ Str+2}
 15898 | Gauntlet | Identified the +9 short sword of the Hero {flame, Fly SInv}
 15898 | Gauntlet | Identified the +1 robe "Ovag" {rElec Int+3}
 15899 | Gauntlet | Got Vehumet's Teachings on Confrontation
 15994 | Lair:4   | Reached ****** piety under Wu Jian
 16059 | Lair:4   | Found a staircase to the Slime Pits.
 16060 | Lair:4   | Found a viscous altar of Jiyva.
 16446 | Lair:4   | Reached skill level 1 in Shapeshifting
 16513 | Lair:4   | Reached skill level 12 in Shields
 16913 | Lair:5   | Entered Level 5 of the Lair of Beasts
 16920 | Lair:5   | Reached skill level 9 in Dodging
 17191 | Lair:5   | Reached skill level 2 in Shapeshifting
 17364 | Slime:1  | Entered Level 1 of the Pits of Slime
 17491 | Lair:5   | Reached skill level 17 in Unarmed Combat
 18045 | Lair:5   | Reached skill level 3 in Shapeshifting
 18421 | D:13     | Reached XP level 15. HP: 134/152 MP: 14/14
 18701 | D:13     | Found a gate to the Vaults.
 18716 | D:13     | Reached skill level 13 in Shields
 18726 | D:13     | Reached skill level 11 in Fighting
 19297 | D:14     | Noticed Kirke
 19316 | D:14     | Killed Kirke
 19416 | D:14     | Noticed Rupert
 19423 | D:14     | Killed Rupert
 19424 | D:14     | Reached skill level 4 in Shapeshifting
 19771 | D:14     | Reached skill level 18 in Unarmed Combat
 19928 | D:14     | Found a runed translucent door.
 19930 | D:14     | Noticed a frost giant
 19931 | D:14     | Noticed a fire giant
 19932 | D:14     | Found a runed translucent door.
 20125 | D:14     | Found a basalt altar of Yredelemnul.
 20215 | D:15     | Entered Level 15 of the Dungeon
 20277 | D:15     | Reached skill level 10 in Dodging
 20819 | D:15     | Reached skill level 14 in Shields
 21054 | D:15     | Found a staircase to the Depths.
 21067 | D:15     | Reached skill level 5 in Shapeshifting
 21484 | Spider:1 | Entered Level 1 of the Spider Nest
 21712 | Orc:2    | Entered Level 2 of the Orcish Mines
 21746 | Orc:2    | Reached XP level 16. HP: 163/163 MP: 15/15
 22247 | Orc:1    | Found Erchowoapn's Distillery.
 22673 | Orc:2    | Found a shimmering altar of Xom.
 22729 | Orc:2    | Found a staircase to the Elven Halls.
 22940 | Orc:2    | Found Deykut's Distillery.
 22940 | Orc:2    | Found Garroxzi's Assorted Antiques.
 22941 | Orc:2    | Found Cueq Zuw's General Store.
 22941 | Orc:2    | Found Cug Riurgh's Book Boutique.
 22957 | Orc:2    | Bought a potion of experience for 850 gold pieces
 22957 | Orc:2    | Reached skill level 7 in Shapeshifting
 22957 | Orc:2    | Reached XP level 17. HP: 172/172 MP: 16/16
 23316 | Spider:1 | Reached skill level 19 in Unarmed Combat
 24088 | Spider:2 | Reached skill level 12 in Fighting
 24157 | Spider:1 | HP: 4/135 [jorogumo/bolt of negative energy (44)]
 24315 | Spider:2 | Reached skill level 15 in Shields
 25087 | Spider:2 | Reached skill level 8 in Shapeshifting
 26854 | Spider:4 | Entered Level 4 of the Spider Nest
 26859 | Spider:4 | Reached XP level 18. HP: 181/183 MP: 17/17
 26867 | Spider:3 | Reached skill level 20 in Unarmed Combat
 27066 | Spider:3 | Upgraded the game from 0.31-a0-495-g15b8036 to
                  | 0.31-a0-496-g6f97920
 27741 | Spider:4 | Noticed Mlioglotl
 27750 | Spider:4 | Killed Mlioglotl
 28357 | Spider:4 | Reached skill level 9 in Shapeshifting
 28778 | Spider:4 | Reached skill level 16 in Shields
 29010 | Spider:4 | Reached skill level 13 in Fighting
 29071 | Spider:4 | Got a gossamer rune of Zot
 29076 | Spider:4 | Identified a scarf of resistance
 29320 | Shoals:1 | Entered Level 1 of the Shoals
 29329 | Shoals:1 | Noticed Donald
 29339 | Shoals:1 | Killed Donald
 29683 | Shoals:1 | Noticed Aizul
 29699 | Shoals:1 | Killed Aizul
 30189 | Shoals:2 | Found a frozen archway.
 30213 | IceCv    | Entered an ice cave
 30895 | IceCv    | Found a viscous altar of Jiyva.
 30987 | IceCv    | Identified the amulet of Ykkacsur {Reflect Drain +Blink
                  | rElec rC+++ SH+5}
 30993 | IceCv    | Identified the amulet of Esumy {Acrobat rPois Will+++ Dex-5
                  | Slay+5}
 31002 | IceCv    | Identified a +0 crystal plate armour of cold resistance
 31115 | Shoals:2 | Reached skill level 17 in Shields
 31215 | Shoals:2 | Reached skill level 1 in Throwing
 31241 | Shoals:2 | Reached XP level 19. HP: 195/195 MP: 18/18
 31532 | Shoals:2 | Reached skill level 21 in Unarmed Combat
 31532 | Shoals:2 | Identified the ring "Zanatoung" {Wiz Will- rCorr Dex+7}
 31571 | Shoals:2 | Reached skill level 2 in Throwing
 31587 | Shoals:2 | Got the Incunabulum of Mad Ravings
 31742 | Shoals:3 | Reached skill level 3 in Throwing
 31991 | Shoals:4 | Entered Level 4 of the Shoals
 31991 | Shoals:4 | Noticed Roxanne
 31998 | Shoals:4 | Killed Roxanne
 32005 | Shoals:4 | Identified the +0 trident of the Bouncing Prophets {flame,
                  | rC+ rN+ Dex-5}
 32130 | Shoals:4 | Identified the +4 flail "Edinkeen" {freeze, rN+}
 32177 | Shoals:4 | Reached skill level 14 in Fighting
 32272 | Shoals:4 | Identified a +1 robe of resistance
 32272 | Shoals:4 | Noticed Ilsuiw
 32360 | Shoals:4 | Identified the ring of Mel Puse {Will+ Dex+6}
 32363 | Shoals:4 | Reached skill level 10 in Shapeshifting
 32659 | Shoals:4 | Found the +8 mithril axe "Arga" {speed, Will+}
 32933 | Shoals:4 | Got a barnacled rune of Zot
 32982 | Shoals:4 | Killed Ilsuiw
 33160 | Shoals:4 | Noticed Bai Suzhen
 33168 | Shoals:4 | Killed Bai Suzhen
 33169 | Shoals:4 | Reached skill level 11 in Shapeshifting
 33432 | Shoals:3 | Identified a potion of resistance
 33748 | Vaults:1 | Entered Level 1 of the Vaults
 33919 | Vaults:1 | Reached skill level 12 in Shapeshifting
 34614 | Vaults:1 | Reached skill level 13 in Shapeshifting
 34614 | Vaults:1 | Reached XP level 20. HP: 148/206 MP: 19/19
 34955 | Vaults:2 | Noticed Mennas
 34966 | Vaults:2 | Killed Mennas
 35601 | Vaults:2 | Reached skill level 14 in Shapeshifting
 35804 | Vaults:2 | Found a staircase to the Crypt.
 35854 | Vaults:2 | Noticed Xtahua
 36075 | Elf:1    | Entered Level 1 of the Elven Halls
 36208 | Elf:1    | Found a transporter.
 36228 | Elf:1    | Found a transporter.
 37548 | Elf:1    | Reached skill level 15 in Shapeshifting
 38033 | Elf:2    | Found a runed translucent gate.
 38033 | Elf:2    | Found a runed translucent gate.
 38033 | Elf:2    | Found a runed translucent gate.
 38063 | Elf:2    | Noticed Saint Roka
 38076 | Elf:2    | Killed Saint Roka
 38306 | Elf:2    | Identified the +0 chain mail of the Harvest Moon {Rampage
                  | Will+ Dex+3 Stlth+}
 38471 | Elf:3    | Entered Level 3 of the Elven Halls
 38711 | Elf:3    | Paralysed by an air elemental for 1 turns
 38793 | Elf:3    | Identified the +4 rapier of Sevvur {elec, rPois}
 38936 | Elf:3    | Identified the +7 mace of Luixak {pain, Str+2}
 38962 | Elf:3    | Identified the +2 war axe of Imecav {venom, *Noise rF- rC++
                  | Stlth+}
 38980 | Elf:3    | Reached skill level 22 in Unarmed Combat
 38980 | Elf:3    | Reached XP level 21. HP: 215/215 MP: 20/20
 39006 | Elf:3    | Identified the staff "Conservator" {*Slow MP+9 Dex+3 Conj
                  | Poison}
 39020 | Elf:3    | Identified the +4 triple crossbow of the Apocalypse {flame,
                  | Str+5}
 39055 | Elf:3    | Identified the +1 pair of gloves of Awe {SInv}
 39153 | Elf:3    | Paralysed by an orc sorcerer for 3 turns
 39238 | Elf:3    | Found Bocappod's Armour Emporium.
 39240 | Elf:3    | Paralysed by an air elemental for 1 turns
 39647 | Orc:1    | Bought a book of Lightning for 544 gold pieces
 39755 | Crypt:1  | Entered Level 1 of the Crypt
 39799 | Crypt:1  | Noticed Sojobo
 39810 | Crypt:1  | Paralysed by an air elemental for 1 turns
 39811 | Crypt:1  | Killed Sojobo
 40350 | Crypt:1  | Reached skill level 16 in Shapeshifting
 40973 | Depths:1 | Entered Level 1 of the Depths
 41092 | Depths:1 | Reached skill level 15 in Fighting
 41220 | Depths:1 | Found a one-way gate leading to the halls of Pandemonium.
 41246 | Depths:1 | Found Eruracag's Changing Room.
 41501 | Depths:1 | Found a blossoming altar of Fedhas.
 41640 | Depths:1 | Found a gateway to Hell.
 41783 | Depths:2 | Reached skill level 17 in Shapeshifting
 41872 | Depths:2 | Found a one-way gate to the infinite horrors of the Abyss.
 41885 | Depths:2 | Found a glowing silver altar of Zin.
 41885 | Depths:2 | Found a glowing golden altar of the Shining One.
 41885 | Depths:2 | Found a white marble altar of Elyvilon.
 41950 | Depths:2 | You fall into a shaft and drop 2 floors!
 41950 | Depths:4 | Entered Level 4 of the Depths
 42062 | Depths:4 | Found Jihasoimp's Antique Weapon Boutique.
 42308 | Depths:4 | Reached skill level 18 in Shapeshifting
 42443 | Depths:4 | Reached XP level 22. HP: 227/227 MP: 21/21
 42527 | Depths:4 | Found a gate to the Realm of Zot.
 42710 | Depths:4 | Found a runed translucent gate.
 42712 | Depths:4 | Found a runed translucent gate.
 42713 | Depths:4 | Found a runed translucent gate.
 42717 | Depths:4 | Noticed Evoskatz's ghost (veteran HOFi)
 43047 | Depths:2 | Found a glowing golden altar of the Shining One.
 43128 | Depths:2 | Found a one-way gateway to a ziggurat.
 43147 | Depths:2 | Reached skill level 19 in Shapeshifting
 43681 | Depths:3 | Upgraded the game from 0.31-a0-496-g6f97920 to
                  | 0.31-a0-503-gdf1e9e4
 43687 | Depths:3 | Noticed a caustic shrike
 43688 | Depths:3 | Noticed a golden dragon
 43696 | Depths:3 | Killed a caustic shrike
 43720 | Depths:3 | Noticed a golden dragon
 43721 | Depths:3 | Paralysed by a vampire knight for 4 turns
 43725 | Depths:3 | Killed a golden dragon
 43736 | Depths:3 | Killed a golden dragon
 43832 | Depths:3 | Reached skill level 20 in Shapeshifting
 43940 | Depths:3 | Noticed a juggernaut
 43944 | Depths:3 | Noticed a golden dragon
 43952 | Depths:3 | Noticed a juggernaut
 43957 | Depths:3 | Killed a golden dragon
 43963 | Depths:3 | Killed a juggernaut
 43965 | Depths:3 | Killed a juggernaut
 43988 | Depths:3 | Noticed a caustic shrike
 43990 | Depths:3 | Killed a caustic shrike
 44263 | Depths:3 | Gained mutation: You sometimes lose your temper in combat.
                  | [a cacodemon]
 44271 | Depths:3 | Gained mutation: Potions are less effective at restoring
                  | your health. [a cacodemon]
 44512 | Depths:3 | Reached XP level 23. HP: 235/235 MP: 22/22
 44519 | Depths:3 | Reached skill level 21 in Shapeshifting
 44538 | Depths:3 | Learned a level 2 spell: Blink
 44542 | Depths:3 | Learned a level 3 spell: Vhi's Electric Charge
 44547 | Depths:3 | Learned a level 4 spell: Manifold Assault
 44742 | Depths:4 | Identified the ring "Nieg" {Fly rN+ Dex-3 Stlth+}
 44744 | Depths:4 | Identified the +5 orcbow of Due Proportion {freeze, *Slow
                  | rPois Int+3 Dex+4}
 45134 | Vaults:2 | Noticed Asterion
 45145 | Vaults:2 | Killed Asterion
 45177 | Vaults:2 | Lost mutation: You sometimes lose your temper in combat.
                  | [potion of mutation]
 45177 | Vaults:2 | Lost mutation: Potions are less effective at restoring your
                  | health. [potion of mutation]
 45177 | Vaults:2 | Gained mutation: Potions are less effective at restoring
                  | your health. [potion of mutation]
 45177 | Vaults:2 | Gained mutation: You are occasionally teleported next to
                  | monsters. [potion of mutation]
 45380 | Vaults:2 | Killed Xtahua
 45381 | Vaults:2 | Reached skill level 1 in Translocations
 45558 | Vaults:3 | Reached skill level 1 in Spellcasting
 45603 | Vaults:3 | Reached skill level 2 in Translocations
 45934 | Vaults:3 | Found Econlimp's General Store.
 45968 | Vaults:3 | Reached skill level 3 in Translocations
 46572 | Vaults:4 | Reached skill level 2 in Spellcasting
 46650 | Vaults:4 | Reached skill level 4 in Translocations
 47305 | Vaults:4 | Reached skill level 5 in Translocations
 47633 | Vaults:4 | Upgraded the game from 0.31-a0-503-gdf1e9e4 to
                  | 0.31-a0-504-gdd47146
 47941 | Depths:3 | Voluntarily entered the Abyss.
 47986 | Abyss:2  | Found a shimmering altar of Xom.
 48026 | Abyss:2  | Found a corrupted altar of Lugonu.
 48044 | Abyss:2  | Found a corrupted altar of Lugonu.
 48119 | Abyss:3  | Found a blossoming altar of Fedhas.
 48119 | Abyss:3  | Found a blossoming altar of Fedhas.
 48119 | Abyss:3  | Found a blossoming altar of Fedhas.
 48120 | Abyss:3  | Found a blossoming altar of Fedhas.
 48125 | Abyss:3  | Found a sacrificial altar of Ru.
 48125 | Abyss:3  | Found a hide-covered altar of Uskayaw.
 48125 | Abyss:3  | Found a burning altar of Makhleb.
 48125 | Abyss:3  | Found a glowing silver altar of Zin.
 48125 | Abyss:3  | Found a shadowy altar of Dithmenos.
 48125 | Abyss:3  | Found a sparkling altar of Nemelex Xobeh.
 48126 | Abyss:3  | Found a white marble altar of Elyvilon.
 48126 | Abyss:3  | Found an opulent altar of Gozag.
 48126 | Abyss:3  | Found a glowing golden altar of the Shining One.
 48126 | Abyss:3  | Found a bloodstained altar of Trog.
 48127 | Abyss:3  | Found a shimmering altar of Xom.
 48127 | Abyss:3  | Found an iron altar of Okawaru.
 48129 | Abyss:3  | Found a radiant altar of Vehumet.
 48129 | Abyss:3  | Found a hazy altar of Hepliaklqana.
 48129 | Abyss:3  | Found a basalt altar of Yredelemnul.
 48131 | Abyss:3  | Found a snail-covered altar of Cheibriados.
 48131 | Abyss:3  | Found an iron altar of Okawaru.
 48131 | Abyss:3  | Found a shimmering blue altar of Sif Muna.
 48131 | Abyss:3  | Found an ornate altar of the Wu Jian Council.
 48133 | Abyss:3  | Found a broken altar of Ashenzari.
 48133 | Abyss:3  | Found an ornate altar of the Wu Jian Council.
 48133 | Abyss:3  | Found a stormy altar of Qazlal.
 48162 | Abyss:3  | Reached skill level 6 in Translocations
 48163 | Abyss:3  | Found a runed translucent door.
 48170 | Abyss:3  | Found a runed translucent door.
 48170 | Abyss:3  | Found a runed translucent door.
 48195 | Abyss:3  | Found a corrupted altar of Lugonu.
 48218 | Abyss:3  | Gained mutation: You have hidden genetic defects. [a
                  | shining eye]
 48352 | Abyss:3  | Found a glowing golden altar of the Shining One.
 48356 | Abyss:3  | Paralysed by accursed screaming for 1 turns
 48366 | Abyss:3  | Noticed a juggernaut
 48371 | Abyss:3  | Killed a juggernaut
 48372 | Abyss:3  | Reached XP level 24. HP: 168/247 MP: 25/25
 48382 | Abyss:3  | Got an abyssal rune of Zot
 48390 | Abyss:3  | Found a glowing golden altar of the Shining One.
 48394 | Depths:3 | You pass through the gate.
 48394 | Depths:3 | Escaped the Abyss
 48832 | Vaults:5 | Entered Level 5 of the Vaults
 48842 | Vaults:5 | Noticed a dread lich
 48845 | Vaults:5 | Reached skill level 7 in Translocations
 48845 | Vaults:5 | Killed a dread lich
 48857 | Vaults:5 | Reached skill level 16 in Fighting
 48862 | Vaults:5 | Gained mutation: You occasionally shout uncontrollably at
                  | your foes. [hidden defects]
 48889 | Vaults:5 | Reached skill level 11 in Dodging
 48890 | Vaults:5 | Identified the ring "Xob Yplu" {Drain rF+++ MP+9 Dex+4}
 48905 | Vaults:5 | Reached skill level 8 in Translocations
 48953 | Vaults:5 | Reached XP level 25. HP: 247/256 MP: 25/25
 49039 | Vaults:5 | Reached skill level 9 in Translocations
 49050 | Vaults:5 | Noticed a dread lich
 49064 | Vaults:5 | Killed a dread lich
 49066 | Vaults:5 | Noticed a dread lich
 49072 | Vaults:5 | Killed a dread lich
 49078 | Vaults:5 | Gained mutation: You are frail. (-10% HP) [hidden defects]
 49078 | Vaults:5 | Lost mutation: You have hidden genetic defects. [hidden
                  | defects expressed]
 49163 | Vaults:5 | Identified the staff "Jekatuor" {SInv Earth}
 49402 | Vaults:5 | Noticed a dread lich
 49405 | Vaults:5 | Killed a dread lich
 49406 | Vaults:5 | Reached skill level 1 in Air Magic
 49461 | Vaults:5 | Reached skill level 10 in Translocations
 49606 | Vaults:5 | Got a silver rune of Zot
 49970 | Vaults:5 | Got the Octavo of the Crystalline Tropics
 50312 | Zot:1    | Entered Level 1 of the Realm of Zot
 50455 | Zot:1    | Reached skill level 2 in Air Magic
 50594 | Zot:1    | Noticed an electric golem
 50604 | Zot:1    | Killed an electric golem
 50608 | Zot:1    | Noticed an electric golem
 50619 | Zot:1    | Killed an electric golem
 50719 | Zot:1    | Found the +4 dragonskin cloak
 50719 | Zot:1    | Noticed Tiamat
 50723 | Zot:1    | Reached skill level 22 in Shapeshifting
 50726 | Zot:1    | Reached XP level 26. HP: 222/240 MP: 25/25
 50734 | Zot:1    | Killed Tiamat
 50740 | Zot:1    | Reached skill level 3 in Air Magic
 50742 | Zot:1    | Reached skill level 12 in Dodging
 51007 | Zot:1    | Noticed an electric golem
 51008 | Zot:1    | Noticed a curse toe
 51013 | Zot:1    | Killed an electric golem
 51013 | Zot:1    | Killed a curse toe
 51473 | Zot:2    | Reached skill level 4 in Air Magic
 51548 | Zot:2    | Lost mutation: You are occasionally teleported next to
                  | monsters. [potion of mutation]
 51548 | Zot:2    | Lost mutation: Potions are less effective at restoring your
                  | health. [potion of mutation]
 51548 | Zot:2    | Lost mutation: You occasionally shout uncontrollably at
                  | your foes. [potion of mutation]
 51548 | Zot:2    | Gained mutation: Your body sometimes deteriorates upon
                  | taking damage. [potion of mutation]
 51548 | Zot:2    | Gained mutation: You are strong-willed. (Will+) [potion of
                  | mutation]
 51587 | Zot:2    | Identified the +1 spear "Madaerel" {flame, rN+ Dex+3}
 51589 | Zot:2    | Noticed an electric golem
 51597 | Zot:2    | Killed an electric golem
 51606 | Zot:2    | Reached skill level 17 in Fighting
 51613 | Zot:2    | Reached skill level 23 in Unarmed Combat
 52294 | Zot:3    | Noticed a curse toe
 52296 | Zot:3    | Killed a curse toe
 52487 | Zot:3    | Reached skill level 13 in Dodging
 53341 | Zot:4    | Noticed Vv
 53493 | Zot:3    | Killed Vv
 53554 | Zot:4    | Identified a +2 robe of resistance
 53554 | Zot:4    | Identified the ring of Jomes {Ice rPois Str+3}
 53554 | Zot:4    | Noticed Josephina
 53704 | Zot:3    | Killed Josephina
 53836 | Zot:4    | Reached XP level 27. HP: 252/252 MP: 23/25
 53841 | Zot:4    | Gained mutation: You are dopey. (Int -2) [mutagenic glow]
 54001 | Zot:4    | Found Anne's CLEARANCE SALE!.
 54297 | Zot:4    | Identified the +6 chain mail of Heimagg {rN+ Int+2}
 54549 | Zot:4    | Found the amulet of the Air {Inacc Air Fly rElec RMsl}
 54841 | Zot:4    | Reached skill level 18 in Fighting
 54977 | Zot:5    | Entered Level 5 of the Realm of Zot
 55042 | Zot:5    | Reached skill level 23 in Shapeshifting
 55311 | Zot:5    | Reached skill level 24 in Unarmed Combat
 55453 | Zot:5    | Noticed a dread lich
 55457 | Zot:5    | Killed a dread lich
 55463 | Zot:5    | Noticed an orb of fire
 55469 | Zot:5    | Noticed an orb of fire
 55472 | Zot:5    | Killed an orb of fire
 55472 | Zot:5    | Lost mutation: You are dopey. (Int -2) [an orb of fire]
 55472 | Zot:5    | Gained mutation: You are dopey. (Int -2) [an orb of fire]
 55473 | Zot:5    | Killed an orb of fire
 55473 | Zot:5    | Noticed an electric golem
 55477 | Zot:5    | Noticed an ancient lich
 55478 | Zot:5    | Killed an electric golem
 55478 | Zot:5    | Killed an ancient lich
 55483 | Zot:5    | Noticed an ancient lich
 55486 | Zot:5    | Killed an ancient lich
 55487 | Zot:5    | Reached skill level 11 in Translocations
 55529 | Zot:5    | Noticed an orb of fire
 55531 | Zot:5    | Noticed an orb of fire
 55532 | Zot:5    | Noticed a curse toe
 55532 | Zot:5    | Killed an orb of fire
 55532 | Zot:5    | Noticed a dread lich
 55534 | Zot:5    | Killed an orb of fire
 55534 | Zot:5    | Noticed an electric golem
 55535 | Zot:5    | Killed a curse toe
 55536 | Zot:5    | Killed an electric golem
 55538 | Zot:5    | Killed a dread lich
 55600 | Zot:5    | Got the Orb of Zot
 56031 | D:12     | Noticed Cyuqas the pandemonium lord
 56258 | D:4      | Noticed Fuhecw the pandemonium lord
 56261 | D:4      | Killed Fuhecw the pandemonium lord
 56320 | D:$      | Escaped with the Orb!

Vanquished Creatures
  A pandemonium lord (D:4)
  6 dread liches
  2 ancient liches (Zot:5)
  Tiamat (Zot:1)
  4 orbs of fire (Zot:5)
  3 juggernauts
  Sojobo (Crypt:1)
  Vv (Zot:3)
  Josephina (Zot:3)
  Bai Suzhen (Shoals:4)
  Saint Roka (Elf:2)
  3 Killer Klowns (Zot:5)
  3 curse toes
  Xtahua (Vaults:2)
  2 shard shrikes (Zot:4)
  2 caustic shrikes (Depths:3)
  11 golden dragons
  2 bone dragons
  A Brimstone Fiend (Zot:5)
  6 electric golems
  19 tentacled monstrosities
  Mlioglotl (Spider:4)
  An Ice Fiend (Zot:1)
  Asterion (Vaults:2)
  4 liches
  30 Orb Guardians
  5 titans
  A walking crystal tome (Depths:3)
  2 deep elf blademasters (Elf:3)
  6 quicksilver dragons
  2 deep elf master archers (Elf:3)
  10 death cobs
  2 krakens
  8 sphinxes
  7 tentacled starspawn
  An ancient champion (Crypt:1)
  Aizul (Shoals:1)
  12 tengu reavers
  9 shadow dragons
  Ilsuiw (Shoals:4)
  Kirke (D:14)
  Donald (Shoals:1)
  12 draconian knights
  17 storm dragons
  A rockslime (IceCv)
  A fenstrider witch (Shoals:1)
  Roxanne (Shoals:4)
  3 azure jellies (IceCv)
  5 draconian monks
  7 emperor scorpions
  A rockslime (shapeshifter) (Depths:3)
  2 daevas
  10 frost giants
  6 deep elf sorcerers
  7 fire giants
  2 iron dragons (Vaults:5)
  6 ghost moths
  A deep elf elementalist (Elf:3)
  21 vault wardens
  5 draconian scorchers
  7 draconian stormcallers
  8 draconian shifters
  A cacodemon (Depths:3)
  An orc warlord (Orc:1)
  2 ophanim (Abyss:3)
  An angel (Abyss:3)
  7 spriggan defenders
  A ghoul (Crypt:1)
  3 draconian annihilators
  11 ironbound preservers
  17 very ugly things
  6 ironbound thunderhulks
  3 vampire knights
  3 formless jellyfish
  10 stone giants
  4 quicksilver oozes (IceCv)
  2 broodmothers (Spider:3)
  21 green draconians
  12 dire elephants
  10 purple draconians
  11 black draconians
  8 deep elf demonologists
  5 spark wasps
  A bunyip (shapeshifter) (Depths:3)
  17 red draconians
  11 white draconians
  A minotaur (Gauntlet)
  8 yellow draconians
  8 deep elf annihilators
  Snorg (Lair:3)
  A green death (Zot:2)
  16 ettins
  A blizzard demon (D:11)
  7 deep elf death magi
  5 merfolk javelineers
  2 crystal guardians (Vaults:4)
  5 fire dragons
  9 merfolk impalers
  4 entropy weavers
  A jiangshi (Crypt:1)
  An entropy weaver (shapeshifter) (Depths:1)
  A spriggan zombie (Crypt:1)
  12 yaktaur captains
  6 deep elf high priests
  5 great orbs of eyes
  35 vault guards
  7 ogre magi
  A rakshasa (D:14)
  A peacekeeper (Vaults:4)
  2 ghost crabs (Spider:2)
  2 jorogumos
  24 ice dragons
  A hell beast (Depths:2)
  4 hydras
  10 centaur warriors
  12 ironbound frosthearts
  3 spriggan air magi
  2 satyrs (Shoals:4)
  A merfolk avatar (Shoals:1)
  A spriggan skeleton (Crypt:1)
  A merfolk aquamancer (Shoals:2)
  A radroach (Spider:2)
  2 death knights (Vaults:2)
  A catoblepas (Lair:4)
  5 death scarabs (Spider:4)
  A death yak (Lair:4)
  A hell hog (Volcano)
  4 tengu warriors
  19 two-headed ogres
  12 deep troll shamans
  16 dancing weapons
  8 demonic crawlers
  6 boulder beetles
  A thrashing horror (Abyss:3)
  12 deep troll earth magi
  A vampire mage (Crypt:1)
  7 orc high priests
  2 wretched stars
  A titan zombie (Vaults:5)
  5 sun demons
  5 hell knights
  6 spriggan berserkers
  An emperor scorpion zombie (Crypt:1)
  5 spriggans
  10 iron trolls
  A storm dragon zombie (Crypt:1)
  6 skysharks
  4 deep elf knights
  3 soul eaters
  A goliath frog (Lair:5)
  4 sixfirhies
  9 skeletal warriors
  A fire crab (Volcano)
  A shadow wraith (Vaults:2)
  10 pharaoh ants
  10 sea snakes
  8 orb spiders
  A sun moth (Spider:1)
  8 glowing orange brains
  59 deep trolls
  2 cherubim (Abyss:3)
  Pikel (D:7)
  2 shadow demons
  26 ironbound convokers
  4 flayed ghosts
  3 swamp dragons (Zot:3)
  An orange crystal statue (IceCv)
  4 deep elf archers
  9 phantasmal warriors
  An obsidian statue (Volcano)
  10 wizards
  25 harpies
  3 lindwurms (Vaults:3)
  11 necromancers
  3 spectral wolf spiders (Spider:4)
  14 wolf spiders
  22 deep elf pyromancers
  5 steelbarb worms
  2 wolf spider zombies
  14 deep elf zephyrmancers
  40 ugly things
  A stone giant zombie (Vaults:5)
  8 orc knights
  2 orc sorcerers (Elf:3)
  A shining eye (shapeshifter) (Abyss:3)
  13 manticores
  A worldbinder (Gauntlet)
  6 cyclopes
  A cyclops (shapeshifter) (Depths:3)
  A salamander (D:15)
  7 fauns (Shoals:4)
  Maurice (D:8)
  A frost giant skeleton (Crypt:1)
  5 black mambas
  A stone giant skeleton (Crypt:1)
  6 centaur zombies
  2 rust devils
  30 moths of wrath
  4 apocalypse crabs
  12 vault sentinels
  Joseph (D:9)
  A black mamba (shapeshifter) (Elf:3)
  5 smoke demons
  6 water nymphs
  7 merfolk sirens
  13 elephants
  Maggie (D:9)
  3 orange demons
  A storm dragon simulacrum (Zot:4)
  A centaur skeleton (D:12)
  4 torpor snails
  24 cane toads
  A redback zombie (Spider:4)
  2 spectral redbacks (Spider:4)
  A gargoyle (D:11)
  A hellion (Zot:4)
  Psyche (D:9)
  3 large abominations
  An unseen horror (D:12)
  A minotaur zombie (Crypt:1)
  6 komodo dragons
  A death yak zombie (Crypt:1)
  A yaktaur zombie (Vaults:5)
  A kobold demonologist (D:14)
  A sea snake zombie (Crypt:1)
  4 rime drakes
  37 yaktaurs
  A yaktaur skeleton (Vaults:5)
  3 tengu conjurers
  A freezing wraith (Vaults:5)
  4 ancient zymes (Abyss:3)
  4 ice devils
  3 polar bears
  8 trolls
  3 harpy zombies (Crypt:1)
  A red devil (Depths:4)
  2 hellwings (Depths:3)
  3 spectral tarantellas (Spider:4)
  Prince Ribbit (D:5)
  31 merfolk
  4 wind drakes
  9 tyrant leeches
  A harpy skeleton (Crypt:1)
  Grinder (D:6)
  2 jumping spider zombies (Spider:4)
  7 hornets
  A polar bear (shapeshifter) (D:14)
  A culicivora zombie (Spider:4)
  A spectral culicivora (Spider:4)
  20 tarantellas
  A tarantella zombie (Spider:4)
  2 spectral jumping spiders (Spider:4)
  30 blink frogs
  17 dream sheep
  21 jumping spiders
  8 snapping turtles
  A meliai zombie (D:12)
  52 slime creatures
  2 draconian simulacra (Zot:4)
  20 culicivoras
  5 air elementals
  11 flying skulls
  A slime creature (shapeshifter) (Vaults:5)
  4 shadows
  A centaur simulacrum (D:14)
  44 yaks
  12 water elementals
  19 humans (D:13)
  6 fire bats (Volcano)
  12 wyverns
  A ynoxinul (Depths:2)
  5 basilisks (Lair:3)
  A fire bat (shapeshifter) (Depths:3)
  A human (shapeshifter) (Vaults:5)
  70 redbacks
  23 vampire mosquitoes
  A neqoxec (Gauntlet)
  6 steam dragons
  2 fire elementals
  A hog (D:14)
  5 chaos spawn
  10 wargs
  A floating eye (Depths:4)
  A hell hound (Volcano)
  13 water moccasins
  An acid dragon (D:10)
  A water moccasin (shapeshifter) (Vaults:5)
  Duvessa (D:6)
  2 naga skeletons (Crypt:1)
  A moth of wrath simulacrum (Zot:4)
  An ogre skeleton (Vaults:5)
  2 ice beasts
  3 sky beasts
  A glowing shapeshifter skeleton (Vaults:5)
  47 orc warriors
  10 small abominations
  2 human zombies (Vaults:5)
  12 ogres
  A great orb of eyes simulacrum (IceCv)
  2 black bears (D:8)
  15 wolves
  5 boggarts
  9 centaurs
  16 starcursed masses
  A torpor snail zombie (Crypt:1)
  A phantom (D:3)
  5 slime creature simulacra (IceCv)
  14 bullfrogs
  7 kobold brigands
  3 scorpions
  3 necrophages (Crypt:1)
  A wyvern zombie (Crypt:1)
  An earth elemental (Elf:3)
  3 glowing shapeshifter simulacra (IceCv)
  6 gnoll sergeants
  8 wights
  Dowan (D:6)
  6 killer bees (D:11)
  4 electric eels
  5 lava snakes (Volcano)
  4 howler monkeys
  A quasit (Abyss:3)
  A gnoll bouda (D:8)
  4 jellies
  Crazy Yiuf (D:6)
  29 orc priests
  A sleepcap (D:4)
  19 iguanas
  12 orc wizards
  12 hell rats
  A sky beast zombie (Crypt:2)
  A howler monkey zombie (Crypt:1)
  20 gnolls
  A steam dragon zombie (Crypt:1)
  9 adders
  A shadow imp (Spider:3)
  7 white imps
  4 ufetubi
  An iguana skeleton (Crypt:2)
  A worm (D:2)
  2 dart slugs
  67 orcs
  4 ball pythons (D:3)
  3 bats
  9 endoplasms
  5 giant cockroaches
  10 goblins
  4 hobgoblins
  5 quokkas
  17 frilled lizards
  22 kobolds
  An orc zombie (Crypt:1)
  3 rats
  2 spectral weapons
  5 starspawn tentacles
  3 tentacles
2377 creatures vanquished.

Vanquished Creatures (collateral kills)
  Mennas (Vaults:2)
  Rupert (D:14)
  A green draconian (Zot:3)
  A black draconian (Zot:3)
4 creatures vanquished.

Vanquished Creatures (others)
  A draconian scorcher (Zot:3)
  A deep elf demonologist (Elf:3)
  A deep elf knight (Elf:3)
  A deep elf pyromancer (D:14)
  A water elemental (Elf:1)
  2 humans (D:14)
  A vampire mosquito (Spider:2)
  An ogre (Vaults:5)
  A boggart (Vaults:1)
  A frilled lizard (Lair:1)
  9 starspawn tentacles
  9 tentacles
29 creatures vanquished.

Grand Total: 2410 creatures vanquished

Table legend: (Time is in decaauts)
 A = Elapsed time spent in this place.
 B = Non-inter-level travel time spent in this place.
 C = Inter-level travel time spent in this place.
 D = Time resting spent in this place.
 E = Time spent auto-exploring this place.
 F = Levels seen in this place.
 G = Mean time per level.
                   A        B        C        D        E       F      G
               +--------+--------+--------+--------+--------+-----+--------+
         Total |  58542 |  51788 |   6754 |  10284 |  25474 |  57 | 1027.1 |
       Dungeon |  16338 |  13104 |   3234 |   1352 |   8361 |  15 | 1089.2 |
        Temple |      1 |      1 |      0 |      0 |      0 |   1 |    1.0 |
          Lair |   6557 |   5732 |    825 |    724 |   3277 |   5 | 1311.4 |
        Shoals |   3218 |   3049 |    169 |   1064 |    665 |   4 |  804.5 |
   Spider Nest |   5904 |   5641 |    263 |   2088 |   1670 |   4 | 1476.0 |
    Slime Pits |      1 |      1 |      0 |      0 |      0 |   1 |    1.0 |
  Orcish Mines |   2261 |   1833 |    428 |    505 |    698 |   2 | 1130.5 |
   Elven Halls |   3409 |   3123 |    286 |    360 |   1744 |   3 | 1136.3 |
        Vaults |   6202 |   5541 |    661 |    865 |   3229 |   5 | 1240.4 |
         Crypt |   1577 |   1452 |    125 |    150 |    972 |   2 |  788.5 |
        Depths |   6027 |   5429 |    598 |    686 |   3103 |   4 | 1506.8 |
           Zot |   5118 |   4958 |    160 |   2026 |   1555 |   5 | 1023.6 |
         Abyss |    416 |    416 |      0 |      5 |     63 |   3 |  138.7 |
      Ice Cave |    843 |    843 |      0 |    398 |     40 |   1 |  843.0 |
       Volcano |    264 |    264 |      0 |     23 |     59 |   1 |  264.0 |
      Gauntlet |    397 |    397 |      0 |     36 |     37 |   1 |  397.0 |
               +--------+--------+--------+--------+--------+-----+--------+

Top non-repeatable levels by time:
Spider:4: 2071 daAuts
   Zot:3: 1899 daAuts
Depths:4: 1782 daAuts
  Lair:3: 1692 daAuts
     D:6: 1680 daAuts
Depths:2: 1667 daAuts
    D:14: 1664 daAuts
    D:11: 1588 daAuts
Vaults:2: 1573 daAuts
 Crypt:1: 1568 daAuts
   Elf:3: 1554 daAuts
  Lair:2: 1472 daAuts
Spider:2: 1364 daAuts
  Lair:4: 1362 daAuts
Spider:3: 1355 daAuts

Table legend:
 A = Non-vault XP
 B = Vault XP
 C = Vault XP percentage of total XP
 D = Non-vault monster count
 E = Vault monster count
 F = Vault count percentage of total count
                 A         B        C        D         E       F
            +---------+---------+-------+---------+---------+-------
      Total |  749186 |  688825 |  47.9 |    1428 |     925 |  39.3
            +---------+---------+-------+---------+---------+-------
        D:1 |       6 |       0 |   0.0 |       4 |       0 |   0.0
        D:2 |      68 |      12 |  15.0 |      16 |       6 |  27.3
        D:3 |     201 |       0 |   0.0 |      27 |       0 |   0.0
        D:4 |     262 |       0 |   0.0 |      17 |       0 |   0.0
        D:5 |     298 |     286 |  49.0 |      13 |       1 |   7.1
        D:6 |     904 |     529 |  36.9 |      28 |       4 |  12.5
        D:7 |    1034 |     718 |  41.0 |      18 |       1 |   5.3
        D:8 |    1497 |    1147 |  43.4 |      34 |       5 |  12.8
        D:9 |    3163 |    1271 |  28.7 |      22 |       3 |  12.0
       D:10 |    2505 |       0 |   0.0 |      24 |       0 |   0.0
       D:11 |    9572 |      35 |   0.4 |      35 |       1 |   2.8
       D:12 |    2252 |    6783 |  75.1 |       5 |      35 |  87.5
       D:13 |    7342 |   10707 |  59.3 |      23 |      28 |  54.9
       D:14 |    6485 |   21453 |  76.8 |      10 |      31 |  75.6
       D:15 |   16292 |    2404 |  12.9 |      32 |       4 |  11.1
     Lair:1 |    1510 |    2001 |  57.0 |       7 |      33 |  82.5
     Lair:2 |    3803 |    2685 |  41.4 |      15 |       7 |  31.8
     Lair:3 |   11462 |    6025 |  34.5 |      37 |      27 |  42.2
     Lair:4 |   10327 |    2057 |  16.6 |      39 |      11 |  22.0
     Lair:5 |   10844 |    9248 |  46.0 |      40 |      33 |  45.2
   Shoals:1 |   12963 |    4084 |  24.0 |      23 |       3 |  11.5
   Shoals:2 |    8069 |    9641 |  54.4 |      18 |      10 |  35.7
   Shoals:3 |   14870 |     705 |   4.5 |      27 |       2 |   6.9
   Shoals:4 |   16496 |   23888 |  59.2 |      35 |      34 |  49.3
   Spider:1 |   12973 |     358 |   2.7 |      36 |       2 |   5.3
   Spider:2 |   21724 |    4484 |  17.1 |      60 |      12 |  16.7
   Spider:3 |   17646 |    4018 |  18.5 |      47 |       6 |  11.3
   Spider:4 |    9345 |   27520 |  74.7 |      22 |      50 |  69.4
      Orc:1 |    7344 |     472 |   6.0 |      33 |      10 |  23.3
      Orc:2 |    4308 |    9425 |  68.6 |      20 |      48 |  70.6
      Elf:1 |   11633 |    3841 |  24.8 |      19 |       6 |  24.0
      Elf:2 |    5650 |    6055 |  51.7 |       8 |      13 |  61.9
      Elf:3 |   18692 |   34330 |  64.7 |      36 |      31 |  46.3
   Vaults:1 |   14178 |   24155 |  63.0 |      20 |      35 |  63.6
   Vaults:2 |    8915 |   21031 |  70.2 |      12 |      22 |  64.7
   Vaults:3 |   22806 |   21474 |  48.5 |      33 |      27 |  45.0
   Vaults:4 |   32231 |   24031 |  42.7 |      46 |      28 |  37.8
   Vaults:5 |   31747 |  103649 |  76.6 |      61 |      86 |  58.5
    Crypt:1 |   15511 |   12708 |  45.0 |      28 |      17 |  37.8
    Crypt:2 |      32 |       0 |   0.0 |       2 |       0 |   0.0
   Depths:1 |   38096 |       0 |   0.0 |      47 |       0 |   0.0
   Depths:2 |   44495 |    5558 |  11.1 |      53 |       9 |  14.5
   Depths:3 |   35079 |   47545 |  57.5 |      42 |      37 |  46.8
   Depths:4 |   35802 |   19108 |  34.8 |      42 |      19 |  31.1
      Zot:1 |   41646 |   19332 |  31.7 |      33 |      14 |  29.8
      Zot:2 |   50880 |    7090 |  12.2 |      43 |       6 |  12.2
      Zot:3 |   40509 |   29269 |  41.9 |      36 |      23 |  39.0
      Zot:4 |   37832 |   24211 |  39.0 |      31 |      23 |  42.6
      Zot:5 |   26481 |   95078 |  78.2 |      21 |      39 |  65.0
    Abyss:2 |    8539 |       0 |   0.0 |      14 |       0 |   0.0
    Abyss:3 |   11679 |   15030 |  56.3 |      29 |      16 |  35.6
      IceCv |    1188 |   15731 |  93.0 |       5 |      36 |  87.8
    Volcano |       0 |    4094 | 100.0 |       0 |      17 | 100.0
   Gauntlet |       0 |    3549 | 100.0 |       0 |      14 | 100.0
            +---------+---------+-------+---------+---------+-------
